 Dungeon Sprint DCSS version 0.19-a0-1932-g59670f6 (webtiles) character file.

11 poirepourri the Sneak (level 2, -4/13 HPs)
             Began as a Spriggan Enchanter on Oct 25, 2016.
             Slain by a human (5 damage)
             ... in the Dungeon (Sprint III: "The Ten Rune Challenge").
             The game lasted 00:01:34 (424 turns).

poirepourri the Sneak (Spriggan Enchanter)           Turns: 424, Time: 00:01:35

Health: -4/13      AC:  3    Str:  4    XL:     2   Next: 13%
Magic:  6/7        EV: 19    Int: 16    God:
Gold:   14         SH:  0    Dex: 16    Spells: 2 memorised, 4 levels left

rFire  . . .     SeeInvis +     a - +1 dagger
rCold  . . .     Gourm    .     b - +1 robe
rNeg   . . .     Faith    .     (shield restricted)
rPois  .         Spirit   .     (helmet restricted)
rElec  .         Reflect  .     (no cloak)
rCorr  .         Harm     .     (gloves unavailable)
MR     .....     NoTele   +     (boots unavailable)
Stlth  +++.......               (no amulet)
                                (no ring)
                                (no ring)

@: very quick
A: unfitting armour, see invisible, herbivore 3, speed 3, slow metabolism 2
a: no special abilities


You were in the Dungeon.
You were not hungry.

You visited 1 branch You collected 14 gold pieces.

Inventory:

Hand Weapons
 a - a +1 dagger (weapon)
Armour
 b - a +1 robe (worn)
Scrolls
 j - a scroll of blinking
Potions
 e - a potion of curing
 f - a potion of heal wounds
 g - a potion of haste
 h - 2 potions of magic
Books
 c - a book of Maledictions

   Spells                             Type                      Level
   a - Corona                         Hexes                        1
   b - Ensorcelled Hibernation        Hexes/Ice                    2
   c - Confuse                        Hexes                        3
   d - Tukima's Dance                 Hexes                        3
   e - Dazzling Spray                 Conjuration/Hexes            3
Comestibles
 d - a bread ration


   Skills:
 + Level 1.8 Short Blades
 + Level 3.6 Dodging
 + Level 5.8 Stealth
 + Level 3.1 Spellcasting
 + Level 4.8 Hexes


You had 4 spell levels left.
You knew the following spells:

 Your Spells              Type           Power        Failure   Level  Hunger
a - Corona                Hex            ###....      2%          1    None
b - Ensorcelled Hibernat  Hex/Ice        ##....       12%         2    ##.....


Dungeon Overview and Level Annotations

Branches:
Dungeon (1/1)

Altars:


Innate Abilities, Weirdness & Mutations

You are very small and have problems with some larger weapons.
You are too small for most types of armour.
You have supernaturally acute eyesight. (SInv)
You are a herbivore.
You cover ground extremely quickly.
You need consume almost no food.


Message History

The human is severely wounded.
The phantom misses you.
You barely miss the human.
The human is severely wounded.
The human completely misses you. The phantom closely misses you.
You miss the human.
The human is severely wounded.
The human completely misses you. The phantom barely misses you.
You hit the human.
The human is almost dead.
The human closely misses you.
You hit the human but do no damage.
The human is almost dead.
The phantom hits you.
* * * LOW HITPOINT WARNING * * *
The human completely misses you.
You barely miss the human.
The human is almost dead.
The phantom completely misses you. The human hits you.
You die...

▓▓▓▓▓▓▓▓▓
▓<..#...#### .#
▓...#......## .#
▓..##.......# ..#
▓##.##.##...# ..#
##.##.###..# #..#
▓#.####.##..# ...+
▓.###..##..####...#
▓#.....##..###@p..#
###..##...##.W...#
##..##....#......#
#..###..##.#.....#
#..# #.. ####....#
▓▓▓▓ ▓▓▓ ▓▓▓▓▓▓


You could see a phantom and a human.

Vanquished Creatures
  2 oozes (D)
  2 rats (D)
4 creatures vanquished.

Vanquished Creatures (others)
  2 draconian scorchers (D)
  6 hellions (D)
  A yaktaur (D)
9 creatures vanquished.

Grand Total: 13 creatures vanquished

Notes
Turn   | Place    | Note
-------+----------+-------------------------------------------
     0 | D        | poirepourri the Spriggan Enchanter began the quest for the Orb.
     0 | D        | Reached XP level 1. HP: 9/9 MP: 5/5
    15 | D        | Reached skill level 5 in Stealth
    18 | D        | Reached XP level 2. HP: 9/13 MP: 7/7
    58 | D        | Learned a level 2 spell: Ensorcelled Hibernation
    86 | D        | Killed a hellion
    98 | D        | Killed a hellion
   178 | D        | Killed a hellion
   179 | D        | Killed a hellion
   181 | D        | Killed a hellion
   186 | D        | Killed a yaktaur
   191 | D        | Killed a white draconian scorcher
   233 | D        | Killed a white draconian scorcher
   244 | D        | Killed a hellion
   424 | D        | Slain by a human

Vault maps used:
D:        dungeon_sprint_mu

Skill      XL: |  1 |
---------------+----+-----
Stealth        | 5 |  5.8
Spellcasting   | 3 |  3.1
Hexes          | 4 |  4.8
Short Blades   | |  1.8
Dodging        | |  3.6

Action                   || total
-------------------------++-------
Melee: Dagger            ||    22
 Cast: Ensorcelled Hiber ||     3
  Use: Potion            ||     1
       Scroll            ||     1
 Stab: Sleeping          ||     2
Armor: Robe              ||     2
Dodge: Dodged            ||    18
